 Dungeon Crawl Stone Soup version 0.17-a0-737-gf0a300a (webtiles) character file.

195 Ngotmuk the Shield-Bearer (level 5, -2/49 HPs)
             Began as a Deep Dwarf Fighter on Apr 26, 2015.
             Slain by a sky beast (4 damage)
             ... on level 5 of the Dungeon.
             The game lasted 00:05:55 (2430 turns).

Ngotmuk the Shield-Bearer (Deep Dwarf Fighter)      Turns: 2430, Time: 00:05:55

Health: -2/49      AC:  6    Str: 20    XL:     5   Next: 45%
Magic:  5/5        EV:  6    Int:  9    God:
Gold:   262        SH: 14    Dex: 12    Spells: 0 memorised, 4 levels left

rFire  . . .     SeeInvis .     a - +0 flail
rCold  + . .     Clarity  .     s - +1 ring mail {rPois}
rNeg   . . .     SustAb   .     k - +0 large shield
rPois  +         Gourm    .     (no helmet)
rElec  .         Spirit   .     (no cloak)
rCorr  .         Warding  .     (no gloves)
rMut   .         Stasis   .     (no boots)
MR     .....                    (no amulet)
Stlth  +.........               (no ring)
                                q - ring of protection from cold (curse)

@: non-regenerating, not resistant to hostile enchantments, very unstealthy
A: damage resistance, recharge devices, sense surroundings 1, slow healing 3
a: Device Recharging


You were on level 5 of the Dungeon.
You were not hungry.

You visited 1 branch of the dungeon, and saw 5 of its levels.

You collected 262 gold pieces.

Inventory:

Hand weapons
 a - a +0 flail (weapon)
Armour
 k - a +0 large shield (worn)
 s - a +1 ring mail of poison resistance (worn)
Jewellery
 q - a cursed ring of protection from cold (left hand)
Magical devices
 e - a wand of heal wounds (4)
Scrolls
 b - a scroll of immolation {unknown}
 c - a scroll of amnesia {unknown}
 g - 2 scrolls of enchant weapon {unknown}
 i - 2 scrolls of noise {unknown}
 l - a scroll of identify {unknown}
 o - 2 scrolls of teleportation {unknown}
 p - 2 scrolls of blinking {unknown}
 v - 2 scrolls of remove curse {unknown}
Potions
 d - a potion of might
 h - a potion of brilliance {unknown}
 m - a potion of restore abilities {unknown}
 n - 2 potions of curing {unknown}
 r - a potion of heal wounds {unknown}
 u - a potion of lignification {unknown}
Comestibles
 f - 3 bread rations
 t - 9 fruits


   Skills:
 + Level 3.3 Fighting
 + Level 3.3 Maces & Flails
 + Level 4.1 Armour
 * Level 5.0 Shields


You had 4 spell levels left.
You didn't know any spells.

Dungeon Overview and Level Annotations

Branches:
Dungeon (5/15)
 Temple: D:4-7

Altars:
Elyvilon
Fedhas
Gozag
Nemelex Xobeh
Xom

Annotations:
D:4 Eustachio


Innate Abilities, Weirdness & Mutations

You are resistant to damage.
You can recharge devices by infusing magical energy.
You passively map a small area around you.
You do not heal naturally.


Message History

You barely miss the sky beast.
The sky beast is severely wounded.
You block the sky beast's attack.
You hit the sky beast.
The sky beast is severely wounded.
The sky beast barely misses you. You block the sky beast's attack.
You closely miss the sky beast.
The sky beast is severely wounded.
The sky beast hits you but does no damage.
Found 14 stones.
You miss the sky beast.
The sky beast is severely wounded.
The sky beast hits you.
* * * LOW HITPOINT WARNING * * *
The sky beast shocks you.
* * * LOW HITPOINT WARNING * * *
The sky beast hits you.
* * * LOW HITPOINT WARNING * * *
The sky beast shocks you.
You die...

( # #.* . #. , *# * #. #
#. , # ###. , #### , ...
#...
...####.##############...
.<......@Y..............#
*
,...####.##############.##
, #. #.# #.* #.# * #. #.#
#. #.# #.* #.# * #. #.# .
.


You could see a sky beast.

Vanquished Creatures
  A giant frog skeleton (D:4)
  Natasha (twice) (D:2)
  2 worker ants (D:4)
  3 adders (D:2)
  3 giant geckos
  2 orcs (D:3)
  A ball python (D:3)
  6 bats
  A bat skeleton (D:4)
  4 goblins
  6 hobgoblins
  10 kobolds
  A giant cockroach (D:1)
  3 giant newts
  A jackal skeleton (D:3)
  7 rats
  A fungus (D:3)
54 creatures vanquished.

Notes
Turn   | Place    | Note
--------------------------------------------------------------
     0 | D:1      | Ngotmuk, the Deep Dwarf Fighter, began the quest for the Orb.
     0 | D:1      | Reached XP level 1. HP: 20/20 MP: 1/1
   312 | D:1      | Reached XP level 2. HP: 27/27 MP: 2/2
  1298 | D:2      | Noticed Natasha
  1303 | D:2      | Killed Natasha
  1303 | D:2      | Reached skill level 4 in Shields
  1303 | D:2      | Reached XP level 3. HP: 30/33 MP: 3/3
  1399 | D:2      | Reached XP level 4. HP: 30/42 MP: 4/4
  1478 | D:2      | Noticed Natasha
  1484 | D:2      | Killed Natasha
  1911 | D:3      | Found a sparkling altar of Nemelex Xobeh.
  1911 | D:3      | Found an opulent altar of Gozag.
  2201 | D:4      | Found a blossoming altar of Fedhas.
  2207 | D:4      | Found a white marble altar of Elyvilon.
  2210 | D:4      | Found a shimmering altar of Xom.
  2311 | D:4      | Reached XP level 5. HP: 15/49 MP: 5/5
  2348 | D:4      | Reached skill level 5 in Shields
  2373 | D:4      | Noticed Eustachio
  2378 | D:5      | Entered Level 5 of the Dungeon
  2378 | D:5      | Noticed a sky beast
  2430 | D:5      | HP: 2/49 [sky beast (2)]
  2430 | D:5      | Slain by a sky beast

Action                   |  1- 3 |  4- 6 || total
-------------------------+-------+-------++-------
Melee: Flail             |    97 |   148 ||   245
Throw: Tomahawk          |     4 |       ||     4
       Javelin           |       |    11 ||    11
Evoke: Wand              |       |     1 ||     1
  Eat: Meat ration       |     1 |       ||     1
